 Dungeon Crawl Stone Soup version 0.19.1-1-g22dce08 (webtiles) character file.

27139 Gargoyl the Cleaver (level 13, -6/111 HPs)
             Began as a Ghoul Abyssal Knight on Dec 31, 2016.
             Was a High Priest of Lugonu.
             Mangled by Rupert
             ... wielding a +2 executioner's axe of draining
              (40 damage)
             ... while paralysed by Rupert
             ... on level 4 of the Lair of Beasts.
             The game lasted 00:35:40 (12383 turns).

Gargoyl the Cleaver (Ghoul Abyssal Knight)         Turns: 12383, Time: 00:35:40

Health: -6/111     AC: 21    Str: 23    XL:     13   Next: 30%
Magic:  16/20      EV:  2    Int:  7    God:    Lugonu [*****.]
Gold:   914        SH:  0    Dex: 16    Spells: 0 memorised, 12 levels left

rFire  + . .     SeeInvis +     w - +5 war axe (elec)
rCold  + . .     Gourm    .     x - +0 chain mail
rNeg   + + +     Faith    .     H - +0 shield
rPois  ∞         Spirit   .     d - +0 helmet
rElec  .         Reflect  .     i - +0 cloak
rCorr  .         Harm     .     u - +2 pair of gloves
MR     .....                    I - +2 pair of boots
Stlth  ..........               v - amulet of regeneration
                                Q - ring of protection from fire
                                k - ring of see invisible

@: paralysed, mighty, agile, very slightly contaminated, rotting, invisible
A: rotting body, claws 1, carnivore 3, cold resistance 1, negative energy
resistance 3, slow regeneration 1, torment resistance, unbreathing
a: Depart the Abyss, Bend Space, Banish, Corrupt, Enter the Abyss, Renounce
Religion


You were on level 4 of the Lair of Beasts.
You worshipped Lugonu.
Lugonu was extremely pleased with you.
You were not hungry.

You visited 2 branches of the dungeon, and saw 14 of its levels.
You visited the Abyss 1 time.

You collected 914 gold pieces.

Inventory:

Hand Weapons
 f - a +1 war axe of venom
 n - a +2 demon trident
 w - a +5 war axe of electrocution (weapon)
 O - a +0 war axe
Missiles
 s - 12 tomahawks
 J - 6 steel javelins (quivered)
 L - 6 poisoned javelins
Armour
 d - a +0 helmet (worn)
 i - a +0 cloak (worn)
 u - a +2 pair of gloves (worn)
 x - a +0 chain mail (worn)
 H - a +0 shield (worn)
 I - a +2 pair of boots (worn)
Jewellery
 k - a ring of see invisible (left hand)
 v - an amulet of regeneration (around neck)
 Q - a ring of protection from fire (right hand)
Wands
 B - a wand of disintegration (11/24)
 F - a wand of lightning (9/15)
 G - a wand of lightning (8/15)
Scrolls
 b - 2 scrolls of teleportation
 o - 2 scrolls of fear
 A - a scroll of fog
 C - 2 scrolls of blinking
 M - 7 scrolls of remove curse
 N - 4 scrolls of magic mapping
 T - a scroll of amnesia
Potions
 j - a potion of cancellation {unknown}
 p - a potion of ambrosia
 r - a potion of heal wounds {unknown}
 t - 2 potions of agility
 z - a potion of magic
 K - a potion of cure mutation
 U - a potion of mutation {unknown}
Books
 y - a book of Frost

   Spells                             Type                      Level
   a - Freeze                         Ice                          1
   b - Throw Frost                    Conjuration/Ice              2
   c - Ozocubu's Armour               Charms/Ice                   3
   d - Throw Icicle                   Conjuration/Ice              4
   e - Summon Ice Beast               Ice/Summoning                4
 E - a book of Battle

   Spells                             Type                      Level
   a - Infusion                       Charms                       1
   b - Shroud of Golubria             Charms/Translocation         2
   c - Song of Slaying                Charms                       2
   d - Spectral Weapon                Hexes/Charms                 3
   e - Regeneration                   Charms/Necromancy            3
 P - a book of Cantrips

   Spells                             Type                      Level
   a - Confusing Touch                Hexes                        1
   b - Animate Skeleton               Necromancy                   1
   c - Summon Small Mammal            Summoning                    1
   d - Apportation                    Translocation                1
 R - a book of Clouds

   Spells                             Type                      Level
   a - Mephitic Cloud                 Conjuration/Poison/Air       3
   b - Conjure Flame                  Conjuration/Fire             3
   c - Poisonous Cloud                Conjuration/Poison/Air       6
   d - Freezing Cloud                 Conjuration/Ice/Air          6
   e - Ring of Flames                 Charms/Fire                  7
 S - a book of Misfortune

   Spells                             Type                      Level
   a - Confusing Touch                Hexes                        1
   b - Confuse                        Hexes                        3
   c - Gell's Gravitas                Hexes/Translocation          3
   d - Petrify                        Transmutation/Earth          4
   e - Metabolic Englaciation         Hexes/Ice                    5
   f - Yara's Violent Unravelling     Hexes/Transmutation          5
 V - the Disquisition on Venom
   (You found it on level 2 of the Lair of Beasts)

   Spells                             Type                      Level
   a - Sting                          Conjuration/Poison           1
   b - Olgreb's Toxic Radiance        Poison                       4
   c - Alistair's Intoxication        Transmutation/Poison         5
   d - Poisonous Cloud                Conjuration/Poison/Air       6
Comestibles
 c - 9 meat rations
 l - 3 beef jerkies
 q - 16 slices of pizza
 D - 2 royal jellies


   Skills:
 + Level 9.6 Fighting
 + Level 11.6 Axes
 + Level 1.5 Throwing
 * Level 10.8 Armour
 + Level 3.4 Dodging
 + Level 4.3 Shields
 * Level 10.8 Invocations


You had 12 spell levels left.
You didn't know any spells.

Dungeon Overview and Level Annotations

Branches:
Dungeon (10/15)            Temple (0/1) D:4            Lair (4/6) D:10
  Swamp (0/4) Lair:4        Snake (0/4) Lair:2
    Orc: D:9-12

Altars:
Ashenzari
Elyvilon
Fedhas
Hepliaklqana
Kikubaaqudgha
Makhleb
Qazlal
Sif Muna
Vehumet
Xom
Yredelemnul

Annotations:
Lair:4 Rupert


Innate Abilities, Weirdness & Mutations

Your body is rotting away.
You thrive on raw meat.
You are immune to poison.
You have sharp fingernails.
You are carnivorous and can eat meat at any time.
Your flesh is cold resistant. (rC+)
You are immune to negative energy. (rN+++)
You regenerate slowly when monsters are visible.
You are immune to unholy pain and torment.
You can survive without breathing.


Message History

This raw flesh tastes great!
You feel less confused.
You slash Rupert!
Rupert is moderately wounded.
You slash Rupert!
There is a sudden explosion of sparks!
Rupert is heavily wounded.
You block Rupert's attack.
You slash Rupert!
Rupert is heavily wounded.
Rupert looks more energetic.
You slice Rupert!!
Rupert is severely wounded.
Rupert roars wildly at you.
You suddenly lose the ability to move!
Rupert roars madly and goes into a rage!
Rupert goes berserk!
Rupert hits you but does no damage.
Rupert hits you with an executioner's axe of draining.
Rupert hits you with an executioner's axe of draining!!!
You die...

#P.## #PP## #...# ##.##
#####..####### #######
..##...P##P#.######..#..##.#
.............".............[
.....###.#.................#.
....## ###.....?@...........#
....# ##......@...........#
....# #......<)..........##
....#####..................P#
....#.#.#..................###
.................P..P.........
##................PP#.........
##...............######.......
#.........).....# .......


You could see Rupert (berserk).

Vanquished Creatures
  Kirke (Lair:4)
  Snorg (Lair:3)
  Harold (Lair:3)
  A queen ant (Lair:2)
  Urug (D:10)
  The ghost of flopdemafkees the Spear-Bearer, a novice MfGl of Okawaru (D:7)
  The ghost of Jovan the Carver, a novice HEGl of Hepliaklqana (D:9)
  The ghost of zeroDi the Slicer, a novice VSAs of Okawaru (D:8)
  A hill giant (D:10)
  An ugly thing (D:9)
  A black mamba (Lair:4)
  8 spiny frogs
  A rime drake (Lair:2)
  A gargoyle (D:9)
  A yaktaur (D:10)
  5 komodo dragons
  A hornet (Lair:1)
  7 blink frogs
  Prince Ribbit (Lair:3)
  2 hippogriffs
  2 basilisks
  19 yaks
  5 hogs (Lair:4)
  6 soldier ants (Lair:2)
  2 nagas (Lair:2)
  8 water moccasins
  12 porcupines
  An orc warrior (D:10)
  A black bear (D:7)
  A phantom (D:6)
  3 necrophages
  2 sky beasts
  2 ogres
  10 wolves
  6 crocodiles
  2 centaurs
  A big kobold (D:10)
  15 bullfrogs
  A water moccasin zombie (D:10)
  A water moccasin skeleton (D:8)
  2 scorpions
  7 killer bees
  2 electric eels
  3 howler monkeys
  3 crimson imps
  A quasit (D:7)
  2 centaur zombies
  10 orc priests
  A bullfrog zombie (D:6)
  4 hounds
  2 jellies
  Ijyb (D:3)
  An iguana (D:4)
  Natasha (twice) (D:2)
  34 worker ants
  2 hell rats (D:8)
  A killer bee zombie (D:7)
  A hound zombie (D:3)
  A hound skeleton (D:4)
  Robin (D:3)
  A worker ant zombie (D:7)
  7 gnolls (D:4)
  5 river rats (D:8)
  7 adders
  2 howler monkey skeletons
  A shadow imp (D:4)
  2 oozes
  An adder zombie (D:7)
  3 worms (D:3)
  3 dart slugs
  7 leopard geckos
  34 orcs
  4 ball pythons
  10 bats
  14 goblins
  6 hobgoblins
  11 jackals
  3 quokkas
  A ball python skeleton (D:4)
  3 frilled lizards
  A jackal skeleton (D:6)
  14 kobolds
  33 rats
  3 fungi
  10 plants
405 creatures vanquished.

Vanquished Creatures (others)
  The ghost of M4edhros the Martial Artist, a journeyman OpNe of Cheibriados (Lair:4)
  2 hydras
  A black mamba (Lair:2)
  3 electric eels
  2 fungi (Lair:3)
  5 plants
14 creatures vanquished.

Grand Total: 419 creatures vanquished

Notes
Turn   | Place    | Note
-------+----------+-------------------------------------------
     0 | Abyss:1  | Gargoyl the Ghoul Abyssal Knight began the quest for the Orb.
     0 | Abyss:1  | Reached XP level 1. HP: 19/19 MP: 1/1
    18 | Abyss:1  | Found a corrupted altar of Lugonu.
    64 | Abyss:1  | Noticed a glowing orange brain
    67 | Abyss:1  | Noticed a soldier ant
    67 | Abyss:1  | a shapeshifter changed into a soldier ant
    68 | Abyss:1  | Noticed a neqoxec
    68 | Abyss:1  | Noticed a wretched star
    68 | D:1      | Escaped the Abyss
   292 | D:1      | Reached XP level 2. HP: 25/26 MP: 2/2
   660 | D:2      | Reached XP level 3. HP: 33/33 MP: 3/3
   723 | D:2      | Reached * piety under Lugonu
   810 | D:2      | Reached skill level 2 in Axes
   949 | D:2      | Noticed Natasha
   959 | D:2      | Killed Natasha
   959 | D:2      | Reached skill level 1 in Dodging
   959 | D:2      | Reached XP level 4. HP: 14/40 MP: 4/4
   966 | D:2      | Noticed Natasha
   975 | D:2      | Killed Natasha
  1556 | D:4      | Reached XP level 5. HP: 24/45 MP: 6/6
  1933 | D:3      | Reached skill level 3 in Axes
  2020 | D:3      | Reached ** piety under Lugonu
  2043 | D:3      | Found a shimmering altar of Xom.
  2044 | D:3      | Found a hazy altar of Hepliaklqana.
  2044 | D:3      | Noticed a death ooze
  2045 | D:3      | Noticed a spectral ugly thing
  2045 | D:3      | Noticed a death ooze
  2218 | D:3      | Noticed Ijyb
  2226 | D:3      | Killed Ijyb
  2226 | D:3      | Reached XP level 6. HP: 52/52 MP: 7/7
  2229 | D:3      | Noticed Robin
  2238 | D:3      | Killed Robin
  2721 | D:4      | Reached *** piety under Lugonu
  2848 | D:4      | Reached XP level 7. HP: 53/60 MP: 8/8
  2996 | D:4      | Reached skill level 4 in Axes
  3105 | D:4      | Reached skill level 5 in Fighting
  3249 | D:4      | Found a deep blue altar of Sif Muna.
  3261 | D:4      | Found a staircase to the Ecumenical Temple.
  3574 | D:5      | Entered Level 5 of the Dungeon
  3597 | D:5      | Found a stormy altar of Qazlal.
  4097 | D:5      | Reached XP level 8. HP: 66/66 MP: 10/10
  4124 | D:5      | Reached skill level 5 in Axes
  4493 | D:6      | Reached skill level 5 in Armour
  4598 | D:6      | Reached **** piety under Lugonu
  4888 | D:6      | Reached skill level 5 in Invocations
  5289 | D:7      | Noticed flopdemafkees's ghost (novice MfGl)
  5293 | D:7      | Got a pitted halberd
  5316 | D:7      | Killed flopdemafkees's ghost
  5316 | D:7      | Reached skill level 6 in Axes
  5316 | D:7      | Reached XP level 9. HP: 36/75 MP: 12/12
  5323 | D:7      | Identified the +9 halberd "Qoiheffa" {chop, Dex+3} (You found it on level 7 of the Dungeon)
  5679 | D:7      | Found a basalt altar of Yredelemnul.
  5679 | D:7      | Found a faded altar of an unknown god.
  5684 | D:7      | Found a faded altar of an unknown god.
  5686 | D:7      | Found a faded altar of an unknown god.
  5688 | D:7      | Found a blossoming altar of Fedhas.
  6365 | D:8      | Noticed zeroDi's ghost (novice VSAs)
  6394 | D:8      | Killed zeroDi's ghost
  6394 | D:8      | Reached skill level 7 in Axes
  6394 | D:8      | Reached XP level 10. HP: 69/84 MP: 13/13
  6432 | D:8      | Reached ***** piety under Lugonu
  6984 | D:9      | Noticed a white ugly thing
  6997 | D:9      | Killed a white ugly thing
  6997 | D:9      | Reached skill level 1 in Shields
  7116 | D:9      | Noticed Jovan's ghost (novice HEGl)
  7134 | D:9      | Killed Jovan's ghost
  7134 | D:9      | Reached skill level 8 in Axes
  7156 | D:9      | Found a white marble altar of Elyvilon.
  7156 | D:9      | Found a shattered altar of Ashenzari.
  7467 | D:9      | Found a burning altar of Makhleb.
  7468 | D:9      | Found a radiant altar of Vehumet.
  7499 | D:10     | Entered Level 10 of the Dungeon
  7727 | D:10     | Found a staircase to the Lair.
  7816 | D:10     | Noticed a gargoyle
  7838 | D:9      | Killed a gargoyle
  7860 | D:10     | Reached skill level 9 in Axes
  7860 | D:10     | Reached XP level 11. HP: 82/92 MP: 16/16
  8058 | D:10     | Noticed Urug
  8081 | D:10     | Killed Urug
  8360 | D:10     | Noticed a hill giant
  8368 | D:10     | Killed a hill giant
  8568 | Lair:1   | Entered Level 1 of the Lair of Beasts
  8611 | Lair:1   | Reached skill level 1 in Throwing
  8809 | Lair:1   | Found a stormy altar of Qazlal.
  9395 | Lair:2   | Found an ancient bone altar of Kikubaaqudgha.
  9598 | Lair:2   | Reached skill level 10 in Axes
  9939 | Lair:2   | Noticed an eight-headed hydra
  9945 | Lair:2   | Banished an eight-headed hydra
  9959 | Lair:2   | Identified the Disquisition on Venom
 10007 | Lair:2   | Found a staircase to the Snake Pit.
 10082 | Lair:2   | Reached XP level 12. HP: 102/103 MP: 17/17
 10203 | Lair:2   | Noticed a queen ant
 10213 | Lair:2   | Killed a queen ant
 10665 | Lair:3   | Noticed Snorg
 10721 | Lair:3   | Killed Snorg
 10845 | Lair:3   | Reached skill level 10 in Invocations
 10869 | Lair:3   | Noticed Harold
 10884 | Lair:3   | Killed Harold
 10884 | Lair:3   | Reached skill level 10 in Armour
 10891 | Lair:3   | Reached ****** piety under Lugonu
 10921 | Lair:3   | Noticed a six-headed hydra
 10923 | Lair:3   | Banished a six-headed hydra
 11005 | Lair:3   | Noticed Prince Ribbit
 11011 | Lair:3   | Killed Prince Ribbit
 11032 | Lair:3   | Reached skill level 11 in Axes
 11429 | Lair:3   | Reached XP level 13. HP: 98/111 MP: 19/19
 11552 | Lair:4   | Found a staircase to the Swamp.
 11552 | Lair:4   | Noticed M4edhros's ghost (journeyman OpNe)
 11632 | Lair:4   | Banished M4edhros's ghost
 12033 | Lair:4   | Noticed Kirke
 12053 | Lair:4   | Noticed a sphinx
 12061 | Lair:4   | Killed Kirke
 12333 | Lair:4   | Noticed Rupert
 12379 | Lair:4   | Paralysed by Rupert for 7 turns
 12383 | Lair:4   | Mangled by Rupert

Skill      XL: |  1  2  3  4  5  6  7  8  9 10 11 12 13 |
---------------+----------------------------------------+-----
Armour         | 2 3 4 6 7 8 9 10 | 10.8
Axes           | 2 3 4 6 7 9 10 11 | 11.6
Fighting       | 4 5 6 7 8 9 |  9.6
Dodging        | 1 2 3 |  3.4
Invocations    | 3 4 6 8 9 10 | 10.8
Shields        | 1 2 3 4 |  4.3
Throwing       | 1 |  1.5

Action                   |  1- 3 |  4- 6 |  7- 9 | 10-12 | 13-15 || total
-------------------------+-------+-------+-------+-------+-------++-------
Melee: Hand axe          |    84 |    88 |       |       |       ||   172
       War axe           |       |   114 |   335 |   681 |   142 ||  1272
Throw: Javelin           |     1 |     1 |       |    15 |     2 ||    19
Invok: Depart the Abyss  |     1 |       |       |       |       ||     1
       Banish            |       |       |       |     6 |     5 ||    11
       Bend Space        |       |       |       |       |     1 ||     1
Evoke: Wand              |       |       |       |       |     4 ||     4
  Use: Scroll            |       |     4 |    18 |    12 |     2 ||    36
       Potion            |       |       |       |     6 |     8 ||    14
  Eat: Chunk             |    11 |    26 |    35 |   129 |    27 ||   228
       Meat ration       |       |       |       |     1 |     1 ||     2
Armor: Leather armour    |    43 |    21 |       |       |       ||    64
       Scale mail        |       |    66 |       |       |       ||    66
       Chain mail        |       |    33 |   318 |   428 |   109 ||   888
Dodge: Dodged            |    56 |   141 |   130 |   183 |    40 ||   550
Block: Shield            |       |       |     3 |   280 |    63 ||   346
